 Dungeon Crawl Stone Soup version 0.31-a0-1612-g4aaf141004 (webtiles) character file.

Game seed: 15851474337689480890

72 Bnni the Digger (level 3, -3/28 HPs)
             Began as a Demigod Earth Elementalist on Jan 9, 2024.
             Slain by a gnoll
             ... wielding a +0 spear
              (5 damage)
             ... on level 2 of the Dungeon.
             The game lasted 00:02:33 (1785 turns).

Bnni the Digger (Demigod Earth Elementalist)        Turns: 1785, Time: 00:02:33

Health: -3/28      AC:  4    Str:  9    XL:     3   Next: 82%
Magic:  5/8        EV: 12    Int: 21    God:
Gold:   52         SH:  0    Dex: 14    Spells: 2/6 levels left

rFire   . . .        e - +0 short sword
rCold   . . .        (no shield)
rNeg    . . .        a - +0 robe
rPois   .            (no helmet)
rElec   .            l - +1 cloak
rCorr   .            (no gloves)
SInv    .            (no boots)
Will    .....        (no amulet)
Stlth   ++           (no ring)
HPRegen 0.24/turn    (no ring)
MPRegen 0.11/turn

%: no passive effects
@: no status effects
A: high MP 1, forlorn, divine attributes
a: no special abilities


You were on level 2 of the Dungeon.
You visited 1 branch of the dungeon, and saw 2 of its levels.

You collected 52 gold pieces.

Inventory:

Hand Weapons
 e - a +0 short sword (weapon)
Missiles
 n - 2 throwing nets
Armour
 a - a +0 robe (worn)
 l - a +1 cloak (worn)
Scrolls
 d - a scroll of revelation {unknown}
 f - 2 scrolls of noise {unknown}
 h - a scroll of blinking {unknown}
 i - 4 scrolls of torment {unknown}
 j - a scroll of vulnerability {unknown}
 m - a scroll of butterflies {unknown}
Potions
 b - a potion of magic
 c - a potion of haste {unknown}
 g - 2 potions of degeneration {unknown}
 k - a potion of enlightenment {unknown}
 o - a potion of ambrosia {unknown}


   Skills:
 + Level 1.0 Fighting
 - Level 1.7 Dodging
 - Level 1.7 Stealth
 + Level 2.1 Spellcasting
 * Level 2.2 Conjurations
 * Level 3.4 Earth Magic


You had 2 spell levels left.
You knew the following spells:

 Your Spells              Type           Power      Damage    Failure   Level
a - Sandblast             Erth           32%        2d9       3%          1
b - Passwall              Erth           16%        N/A       11%         3

Your spell library contained the following spells:

 Spells                   Type           Power      Damage    Failure   Level
 Stone Arrow              Conj/Erth      28%        3d8       14%         3
 Brom's Barrelling Bould  Conj/Erth      14%        2d4       41%         4
 Petrify                  Alch/Erth      9%         N/A       56%         4


Dungeon Overview and Level Annotations

Branches:
Dungeon (2/15)


Innate Abilities, Weirdness & Mutations

You have an increased reservoir of magic. (+10% MP)
You shall have no god before yourself.
Your divine heritage dramatically boosts your attributes as you level up.


Message History

The gnoll hits you from afar with a +0 spear.
Aiming: Sandblast (safe; 3% risk of failure)
Press: ? - help, Q - select action, (/) - cycle Shift-Dir - straight line, f/p - gnoll
Aim: a gnoll, wielding a +0 spear (moderately wounded, 84% to hit)
The blast of sand hits the gnoll.
The gnoll is heavily wounded.
The gnoll shouts!
The gnoll hits you from afar with a +0 spear.
The gnoll hits you from afar with a +0 spear!
Unknown command.
Aiming: Sandblast (safe; 3% risk of failure)
Press: ? - help, Q - select action, (/) - cycle Shift-Dir - straight line, f/p - gnoll
Aim: a gnoll, wielding a +0 spear (heavily wounded, 84% to hit)
The blast of sand hits the gnoll!
You kill the gnoll!
Your Fighting skill increases to level 1!
Aiming: Sandblast (safe; 3% risk of failure)
Press: ? - help, Q - select action, (/) - cycle Shift-Dir - straight line, f - gnoll
Aim: a gnoll, wielding a +0 flail (84% to hit)
The blast of sand misses the gnoll.
The blast of sand hits the gnoll!
The gnoll is severely wounded.
The gnoll hits you with a +0 flail!
* * * LOW HITPOINT WARNING * * *
The gnoll barely misses you.
Aiming: Sandblast (safe; 3% risk of failure)
Press: ? - help, Q - select action, (/) - cycle Shift-Dir - straight line, f/p - gnoll
Aim: a gnoll, wielding a +0 flail (84% to hit)
The blast of sand hits the gnoll!
You kill the gnoll!
The gnoll hits you from afar with a +0 spear.
* * * LOW HITPOINT WARNING * * *
The gnoll attacks as it pursues you!
The gnoll hits you from afar with a +0 spear.
* * * LOW HITPOINT WARNING * * *
You aren't wearing any rings or amulets.
Unknown command.
Okay, then.
The gnoll attacks as it pursues you!
The gnoll hits you from afar with a +0 spear.
You die...

############.#
#............#
#.#..........#
#.#..#####...###
#.#..#$?(#......
###.#..#?[$#.....#
#>†....#?:?#...#.#
#.###..#####..##.#
#@# #.........##..
#.# ........####
#g# #######.# #.
##.# #.###. #..#
####..... #g##
#....###. #.#
#.#### #. #.# #.#
## #.# #.#


You could see 2 gnolls.

Vanquished Creatures
  2 gnolls (D:2)
  2 dart slugs (D:1)
  6 ball pythons
  6 bats
  4 endoplasms
  2 giant cockroaches
  3 goblins (D:1)
  6 hobgoblins
  4 jackals (D:1)
  2 quokkas
  3 frilled lizards
  7 rats
47 creatures vanquished.

Notes
Turn   | Place    | Note
-------+----------+-------------------------------------------
     0 | D:1      | Bnni the Demigod Earth Elementalist began the quest for the
                  | Orb.
     0 | D:1      | Reached XP level 1. HP: 14/14 MP: 5/5
     8 | D:1      | Reached skill level 1 in Conjurations
   247 | D:1      | Reached XP level 2. HP: 20/22 MP: 1/7
   371 | D:1      | Reached skill level 3 in Earth Magic
   859 | D:1      | Reached XP level 3. HP: 27/27 MP: 6/8
  1115 | D:2      | Learned a level 3 spell: Passwall
  1776 | D:2      | Reached skill level 1 in Fighting
  1779 | D:2      | HP: 1/28 [gnoll/+0 spear (4)]
  1785 | D:2      | Slain by a gnoll

Illustrated notes

Levels and vault maps discovered:
D:1:      scummos_arrival_hexagon, layout_loops_ring
D:2:      layout_loops_ring, basic_altar, shapermc_ecumenical_altar_petra,
          due_unseen_surprise

Skill      XL: |  1  2  3 |
---------------+----------+-----
Conjurations   | 1 2 |  2.2
Earth Magic    | 3 |  3.4
Spellcasting   | 2 |  2.1
Fighting       | 1 |  1.0
Dodging        | |  1.7
Stealth        | |  1.7

Action                     || total
---------------------------++-------
  Melee: Short sword       ||     2
   Cast: Sandblast         ||    62
 Armour: Robe              ||    18
  Dodge: Dodged            ||    14

Table legend: (Time is in decaauts)
 A = Elapsed time spent in this place.
 B = Non-inter-level travel time spent in this place.
 C = Inter-level travel time spent in this place.
 D = Time resting spent in this place.
 E = Time spent auto-exploring this place.
 F = Levels seen in this place.
 G = Mean time per level.
                   A        B        C        D        E       F      G
               +--------+--------+--------+--------+--------+-----+--------+
         Total |   1815 |   1783 |     32 |      0 |   1511 |   2 |  907.5 |
       Dungeon |   1815 |   1783 |     32 |      0 |   1511 |   2 |  907.5 |
               +--------+--------+--------+--------+--------+-----+--------+

Top non-repeatable levels by time:
     D:1: 1112 daAuts
     D:2: 703 daAuts
